 Dungeon Crawl Stone Soup version 0.23-a0-625-g1d2cd9b (webtiles) character file.

46 Matador8 the Cudgeler (level 3, 0/29 HPs)
             Began as a Human Abyssal Knight on Dec 24, 2018.
             Was a Believer of Lugonu.
             Succumbed to an adder's poison
             ... on level 1 of the Dungeon.
             The game lasted 00:05:17 (937 turns).

Matador8 the Cudgeler (Human Abyssal Knight)         Turns: 937, Time: 00:05:18

Health: 0/29       AC:  3    Str: 13    XL:     3   Next: 92%
Magic:  5/5        EV: 11    Int: 12    God:    Lugonu [**....]
Gold:   23         SH:  0    Dex: 12    Spells: 2/2 levels left

rFire    . . .     SeeInvis .   a - +1 mace
rCold    . . .     Gourm    .   (no shield)
rNeg     . . .     Faith    .   e - +0 leather armour
rPois    .         Spirit   .   (no helmet)
rElec    .         Reflect  .   (no cloak)
rCorr    .         Harm     .   (no gloves)
MR       .....                  (no boots)
Stlth    +.........             (no amulet)
HPRegen  0.09/turn              (no ring)
MPRegen  0.09/turn              (no ring)

@: lethally poisoned (0 -> -2)
A: no striking features
a: Depart the Abyss, Bend Space, Renounce Religion


You were on level 1 of the Dungeon.
You worshipped Lugonu.
Lugonu was pleased with you.
You were not hungry.

You visited 1 branch of the dungeon, and saw 2 of its levels.
You visited the Abyss 1 time.

You collected 23 gold pieces.

Inventory:

Hand Weapons
 a - a +1 mace (weapon)
 b - a +3 hunting sling
Missiles
 h - 11 stones (quivered)
Armour
 e - a +0 leather armour (worn)
Jewellery
 l - an uncursed ring of fire {unknown}
Scrolls
 d - 4 scrolls of remove curse {unknown}
 j - a scroll of immolation {unknown}
 k - a scroll of noise {unknown}
Potions
 g - a potion of degeneration {unknown}
 i - 2 potions of heal wounds {unknown}
 m - a potion of brilliance {unknown}
 n - a potion of curing {unknown}
Comestibles
 c - 2 rations
 f - 5 chunks of flesh


   Skills:
 - Level 3.0 Fighting
 * Level 3.3 Maces & Flails
 + Level 0.4 Throwing
 - Level 2.0 Armour
 - Level 1.0 Dodging
 + Level 2.8 Invocations


You had 2 spell levels left.
You didn't know any spells.
Your spell library was empty.

Dungeon Overview and Level Annotations

Branches:
Dungeon (2/15)

Altars:
Uskayaw


Message History

The adder bites you.
You sock the adder!
The adder is severely wounded.
The adder closely misses you.
You barely miss the adder.
The adder is severely wounded.
You feel sick. The adder bites you.
* * * LOW HITPOINT WARNING * * *
The adder bites you.
* * * LOW HITPOINT WARNING * * *
You miss the adder.
The adder is severely wounded.
The adder barely misses you. The adder bites you.
* * * LOW HITPOINT WARNING * * *
You barely miss the adder.
The adder is severely wounded.
The adder closely misses you.
You hit the adder.
The adder is almost dead.
You die...

#........###.##...##.###
##......#....##..###..##
#............##..##.....
#.......#....##..##.....
#.......................
##.....##...............
##...###....##..##.....
#######...............
###########...@S....>......###.
#........#..#####...........##.
#........'..# #...........#..
#........'..# #...........#..
#........#..# ##.........##..
#<.......#..# ##...#...###..
#........#.## ######### #..
#........'.# ### #........'.#


You could see an adder.

Vanquished Creatures
  An adder (D:1)
  A dart slug (D:1)
  2 leopard geckos (D:1)
  3 giant cockroaches (D:1)
  A goblin (D:1)
  5 hobgoblins (D:1)
  4 jackals (D:1)
  3 bats (D:1)
  A frilled lizard (D:1)
  5 kobolds (D:1)
  4 rats (D:1)
30 creatures vanquished.

Notes
Turn   | Place    | Note
-------+----------+-------------------------------------------
     0 | Abyss:1  | Matador8 the Human Abyssal Knight began the quest for the
                  | Orb.
     0 | Abyss:1  | Reached XP level 1. HP: 18/18 MP: 2/2
    27 | D:1      | Escaped the Abyss
   273 | D:1      | Reached XP level 2. HP: 24/24 MP: 3/3
   488 | D:1      | Reached XP level 3. HP: 25/29 MP: 4/4
   657 | D:1      | Reached ** piety under Lugonu
   896 | D:2      | Found a hide-covered altar of Uskayaw.
   935 | D:1      | HP: 1/29 [adder (3)]
   937 | D:1      | Succumbed to an adder's poison

Vault maps used:
D:1:      lemuel_arrival_behind_the_door_large
D:2:      eat_drink_and_be_merry_uskayaw, minmay_tetromino_o4, uniq_sigmund

Skill      XL: |  1  2  3 |
---------------+----------+-----
Maces & Flails | 3 |  3.3
Fighting       | |  3.0
Throwing       | |  0.4
Armour         | |  2.0
Dodging        | |  1.0
Invocations    | |  2.8

Action                   || total
-------------------------++-------
Melee: Mace              ||    94
 Stab: Sleeping          ||     1
Armor: Leather armour    ||    30
Dodge: Dodged            ||    80

Table legend:
 A = Non-vault XP
 B = Vault XP
 C = Vault XP percentage of total XP
 D = Non-vault monster count
 E = Vault monster count
 F = Vault count percentage of total count
                 A         B        C        D         E       F
            +---------+---------+-------+---------+---------+-------
      Total |      66 |       0 |   0.0 |      30 |       0 |   0.0
            +---------+---------+-------+---------+---------+-------
        D:1 |      66 |       0 |   0.0 |      30 |       0 |   0.0
            +---------+---------+-------+---------+---------+-------
